Zazza, neutral female human Tourist --------- ----- ------ |.......+###########|{..| |....| ---------- |.......| #+....############ |....| |........| #.........# ###|...| # #.....| |.........# #|.......|###########....| ### ###|....| #-........|# #|........# ### #|...| # # #.....| #----------# #----.----# # #|...| ### ### #|....| ### # ### # # ### #---.- # # #------ # # # # # ########################### # # # # # ##### # ### # # # # # # # ### ######## -|---# #-----# ########### # ## ## |...|# #|...|# ------# # ####### ##### ------- |...|# #.....#####....>|# ### # --|----------# ## |.....| |`..|# |...| |....|# # ------# #............|######|.....| |...|# |....#####.....|# ##|..(.-#######|........<...# #+.....| |...-% ----- |....-# |....|###d###+...........| ------- ----- |....|######-....| ------------- ------ ------ # Zazza the Rambler Experience level: 1 Strength: 12 Dexterity: 10 Constitution: 14 Intelligence: 13 Wisdom: 10 Charisma: 18 Health: 0(13) Energy: 2(2) Def: 2 Gold: 781 Moves: 1847 Dungeon seed: MAgBHqYrF6sr_Y85 Game ID: Zazza_1601551161 Your Inventory: Coins $ - 781 gold pieces Weapons a - 38 +2 darts (in quiver) Armor e - an uncursed +0 Hawaiian shirt (being worn) n - an uncursed +0 pair of gauntlets of dexterity (being worn) y - an uncursed +0 cloak of invisibility (being worn) Comestibles b - 5 uncursed food rations f - an uncursed egg g - an uncursed sprig of wolfsbane h - 2 uncursed tripe rations v - an uncursed apple L - an uncursed carrot Scrolls p - 4 uncursed scrolls of magic mapping q - an uncursed scroll of taming t - 2 uncursed scrolls of identify x - an uncursed scroll of amnesia O - an uncursed scroll of create monster Spellbooks Q - an uncursed spellbook of knock Potions i - an uncursed potion of extra healing j - a blessed potion of extra healing w - an uncursed potion of healing z - an uncursed potion of confusion A - a blessed potion of blindness B - an uncursed potion of object detection D - a cursed potion of gain energy F - an uncursed potion of levitation M - an uncursed potion of paralysis Rings E - a cursed -2 ring of gain strength G - a cursed ring of levitation Wands R - a wand of light (0:10) Tools k - an uncursed skeleton key l - an expensive camera (0:50) I - an uncursed mirror T - an uncursed leash Gems r - 2 uncursed worthless pieces of green glass Spells and supernatural/magical abilities: Name Level Category Fail Memory W - pray for help -- divine ? -- Your skills at the end: Fighting Skills Weapon Skills dart [Basic] Spellcasting Skills Final Attributes: You were fervently aligned. You were invisible. You were lucky. You are dead. Vanquished creatures: an acid blob a coyote 2 hobbits a yellow mold 6 jackals 2 foxes 3 kobolds 2 sewer rats a grid bug 4 lichens 3 newts 26 creatures vanquished. Voluntary challenges: You never hit with a wielded weapon. You read items or engraved 6 times, starting on turn 764. You never genocided any monsters. You never polymorphed an object. You never changed form. You used no wishes. You never split a pudding. You wrote Elbereth's name 4 times, starting on turn 1420. You never violated your personal moral code. Dungeon overview: The Dungeons of Doom: levels 1 to 4 Level 1 an altar to The Lady a long staircase Level 2 stairs to The Gnomish Mines Level 3 a general store, a sink Level 4 <- You were here an armor shop, a fountain The Gnomish Mines: Level 3 stairs to The Dungeons of Doom History has recorded: On T:1 you entered the Dungeons of Doom to retrieve the Amulet of Yendor! On T:600 you reached level 2 of The Dungeons of Doom. On T:721 you reached level 1 of The Gnomish Mines. On T:1076 you reached level 3 of The Dungeons of Doom. On T:1642 you reached level 4 of The Dungeons of Doom. Score breakdown: Gold: 312 ( 8488 points) Experience: 1 level ( 0 points) Exploration: 4 levels ( 8.33%) ( 7579 points) Discoveries: 6 items ( 2.01%) ( 4256 points) Valuables value: (no points given unless you survive) Artifact value: 0 ( 0 points) Variety of kills: 11 monsters ( 2.89%) ( 5097 points) Turncount: 1847 turns ( 0 points) Survival: died (score multiplied by 80%) Total score: 20336 Latest messages: A map coalesces in your mind! You see here a kobold corpse. You are beginning to feel hungry. It is not so easy to open this tin. You succeed in opening the tin. It smells like geckos. You consume deep fried gecko. Eating deep fried food made your fingers very slippery. There is nothing here to pick up. You hear the chime of a cash register. You are beginning to feel hungry. The door opens. You hear someone cursing shoplifters. The door opens. The fox misses. The fox bites! You see here a large box. The fox bites! (2x) The door resists! The fox bites! The door opens. The fox bites! (3x) You die... Final status: Aloha Zazza the Tourist, killed by a fox... You died in The Dungeons of Doom on dungeon level 4 with 20336 points, and 781 pieces of gold, after 1847 moves. You were level 1 with a maximum of 13 hit points when you died.